 Dungeon Crawl Stone Soup version 0.27.1-35-g4d5d836560 (webtiles) character file.

Game seed: 6894096355674574592

54 Delamore the Sneak (level 3, 0/24 HPs)
             Began as an Octopode Brigand on Apr 7, 2022.
             Slain by a gnoll (6 damage)
             ... on level 2 of the Dungeon.
             The game lasted 00:01:11 (1038 turns).

Delamore the Sneak (Octopode Brigand)               Turns: 1038, Time: 00:01:12

Health: 0/24       AC:  1    Str: 10    XL:     3   Next: 91%
Magic:  3/3        EV: 12    Int: 13    God:
Gold:   74         SH:  0    Dex: 14    Spells: 2/2 levels left

rFire    . . .     SeeInvis .   a - +2 dagger
rCold    . . .     Faith    .   (no shield)
rNeg     . . .     Spirit   .   (helmet restricted)
rPois    .         Reflect  .   (no amulet)
rElec    .         Harm     .   (no ring)
rCorr    .         Rampage  .   (no ring)
Will     .....                  (no ring)
Stlth    +++++.....             (no ring)
HPRegen  0.08/turn              (no ring)
MPRegen  0.08/turn              (no ring)
                                (no ring)
                                (no ring)

@: no status effects
A: almost no armour, amphibious, 8 rings, camouflage 1, gelatinous body 1,
(nimble swimmer 1), tentacles
a: no special abilities


You were on level 2 of the Dungeon.
You visited 1 branch of the dungeon, and saw 2 of its levels.

You collected 74 gold pieces.

Inventory:

Hand Weapons
 a - a +2 dagger (weapon)
Missiles
 b - 27 poisoned darts
 c - a curare-tipped dart (quivered)
Scrolls
 d - a scroll of teleportation {unknown}
Potions
 e - a potion of degeneration {unknown}


   Skills:
 - Level 2.0 Fighting
 + Level 2.2 Short Blades
 - Level 2.0 Throwing
 - Level 1.0 Dodging
 * Level 7.3 Stealth


You had 2 spell levels left.
You didn't know any spells.
Your spell library was empty.

Dungeon Overview and Level Annotations

Branches:
Dungeon (2/15)

Altars:

Shops:
D:2 (=[


Innate Abilities, Weirdness & Mutations

You cannot wear most types of armour.
You are amphibious.
You can wear up to eight rings at the same time.
Your skin changes colour to match your surroundings (Stealth+).
Your rubbery body absorbs attacks. (AC +1, EV +1)
((You are camouflaged near water. (Stealth+)))
You have tentacles for arms and can constrict up to eight enemies at once.


Message History

You see here a worm corpse.
A gnoll comes into view. It is wielding a +0 spear.
A gnoll is nearby!
A gnoll is nearby!
A goblin comes into view. It is wielding a +0 dagger.
A gnoll comes into view. It is wielding a +0 spear.
The helpless goblin fails to defend itself.
You skewer the goblin like a kebab!!!
You kill the goblin!
A gnoll comes into view. It is wielding a +0 spear.
The gnoll shouts!
You hear a shout!
The gnoll shouts!
The gnoll hits you with a +0 spear!
You barely miss the gnoll. Your grab misses the gnoll. You squeeze the gnoll!
The gnoll is heavily wounded.
The gnoll hits you with a +0 spear.
You hit the gnoll. You grab the gnoll.
The gnoll is severely wounded.
You constrict the gnoll. The gnoll misses you.
The gnoll escapes!
A gnoll comes into view. It is wielding a +0 flail.
You barely miss the gnoll. You grab the gnoll.
The gnoll is almost dead.
You constrict the gnoll.
The gnoll hits you from afar with a +0 spear!
* * * LOW HITPOINT WARNING * * *
The gnoll closely misses you.
You are too injured to fight recklessly!
You are too injured to fight recklessly!
You release your grip on the gnoll.
The gnoll barely misses you. The gnoll closely misses you.
Throw: 2 darts (curare)
Press: ? - help, Q - select action, (/) - cycle Shift-Dir - straight line, f - gnoll
Aim: a gnoll, wielding a +0 spear (almost dead, 64% to hit)
You throw a curare-tipped dart.
The curare-tipped dart barely misses the gnoll.
The curare-tipped dart barely misses the gnoll.
The curare-tipped dart hits the gnoll.
The gnoll is poisoned.
The gnoll convulses.
The gnoll seems to slow down.
The gnoll is severely wounded.
The gnoll hits you from afar with a +0 spear.
You die...

. # .. .#. .. ... .
#.#.# . ####.#.# ..
#...... ..# ### ####
#########.##.# ...#
#.. ..#
#..@.g.g.gg..##....#
#.#####.#
#.#######.##........
#.##.##.###.#
#....)..####
#.#.........#
#.##.#.##
#.##.##†#####
#.##.#.# #†##.##)#
#.##.#.# #.......#
#.##.#.# ##...####
#......# #...##
#.#######


You could see 4 gnolls.

Vanquished Creatures
  2 adders (D:2)
  2 worms (D:2)
  A dart slug (D:2)
  3 bats (D:1)
  An endoplasm (D:1)
  A giant cockroach (D:1)
  3 goblins
  2 hobgoblins
  3 kobolds
  3 quokkas
  4 ball pythons
  A frilled lizard (D:1)
  2 rats (D:1)
28 creatures vanquished.

Notes
Turn   | Place    | Note
-------+----------+-------------------------------------------
     0 | D:1      | Delamore the Octopode Brigand began the quest for the Orb.
     0 | D:1      | Reached XP level 1. HP: 14/14 MP: 1/1
   199 | D:1      | Reached XP level 2. HP: 19/19 MP: 2/2
   200 | D:1      | Reached skill level 6 in Stealth
   784 | D:2      | Found Puix's Antique Armour Boutique.
   793 | D:2      | Found Paopesy's Antique Weapon Shop.
   822 | D:2      | Found Gejolur's Jewellery Shop.
   825 | D:2      | Reached XP level 3. HP: 24/24 MP: 3/3
   925 | D:2      | Reached skill level 7 in Stealth
  1038 | D:2      | Slain by a gnoll

Illustrated notes

Levels and vault maps discovered:
D:1:      lightli_arrival_chessboard, layout_basic
D:2:      layout_loops_cross, serial_shops, shop, shop_statue, shop, shop

Skill      XL: |  1  2  3 |
---------------+----------+-----
Stealth        | 6 7 |  7.3
Fighting       | |  2.0
Short Blades   | |  2.2
Throwing       | |  2.0
Dodging        | |  1.0

Action                   || total
-------------------------++-------
Melee: Dagger            ||    41
       Tentacles         ||     5
       Constrict         ||     6
Throw: Dart              ||     1
 Stab: Sleeping          ||    17
Armor: Skin              ||     2
Dodge: Dodged            ||    13
